 Dungeon Crawl Stone Soup version 0.31-a0-232-gb1c03b2570 (webtiles) character file.

Game seed: 10975188829281733974

77 qw the Shooter (level 4, -4/26 HPs)
             Began as a Gargoyle Hexslinger on July 7, 2023.
             Slain by an iguana (9 damage)
             ... on level 2 of the Dungeon.
             The game lasted 00:00:39 (1034 turns).

qw the Shooter (Gargoyle Hexslinger)                Turns: 1034, Time: 00:00:40

Health: -4/26      AC: 10    Str: 11    XL:     4   Next: 34%
Magic:  5/5        EV: 10    Int: 14    God:
Gold:   111        SH:  0    Dex: 14    Spells: 4/5 levels left

rFire   . . .        Y - +1 sling
rCold   . . .        (no shield)
rNeg    + . .        j - +0 ring mail
rPois   inf          g - +1 helmet
rElec   +            (no cloak)
rCorr   .            (no gloves)
SInv    .            (no boots)
Will    .....        (no amulet)
Stlth   +            (no ring)
HPRegen 0.24/turn    (no ring)
MPRegen 0.09/turn

%: no passive effects
@: no status effects
A: sickness immunity, AC +3, negative energy resistance 1, electricity
resistance, torment resistance 1, petrification resistance
a: no special abilities


You were on level 2 of the Dungeon.
You visited 1 branch of the dungeon, and saw 2 of its levels.

You collected 111 gold pieces.


Innate Abilities, Weirdness & Mutations

You are immune to sickness and miasma.
Your stone body is resilient. (AC +3)
You are immune to poison.
You resist negative energy. (rN+)
You are resistant to electric shocks. (rElec)
You are resistant to unholy torment.
You are immune to petrification.


   Skills:
 - Level 2.0 Fighting
 + Level 4.0 Ranged Weapons
 - Level 1.0 Armour
 - Level 1.5 Dodging
 - Level 1.0 Spellcasting
 - Level 2.6 Hexes


You had 4 spell levels left.
You knew the following spells:

 Your Spells              Type           Power      Damage    Failure   Level
a - Slow                  Hex            32%        N/A       21%         1

Your spell library contained the following spells:

 Spells                   Type           Power      Damage    Failure   Level
 Inner Flame              Hex/Fire       4%         N/A       71%         3
 Portal Projectile        Hex/Tloc       8%         N/A       71%         3
 Cause Fear               Hex            4%         N/A       90%         4

Inventory:

Hand Weapons
 Y - a +1 sling (weapon)
Armour
 g - a +1 helmet (worn)
 j - a +0 ring mail (worn)
Scrolls
 c - a scroll of teleportation {unknown}
Potions
 a - a potion of resistance {unknown}
 b - a potion of haste {unknown}
 f - a potion of curing {unknown}
 k - a potion of might {unknown}

Dungeon Overview and Level Annotations

Branches:
Dungeon (2/15)

Altars:

Shops:
D:2 [


Message History

The hobgoblin hits you but does no damage.
You shoot a sling bullet. The sling bullet hits the hobgoblin.
The hobgoblin is moderately wounded.
The hobgoblin hits you but does no damage.
You shoot a sling bullet.
The sling bullet closely misses the hobgoblin.
The sling bullet barely misses the iguana.
The hobgoblin hits you but does no damage. x2
You shoot a sling bullet.
The sling bullet hits the hobgoblin but does no damage.
The hobgoblin is moderately wounded.
The hobgoblin hits you but does no damage.
You shoot a sling bullet.
The sling bullet hits the hobgoblin but does no damage.
The hobgoblin is moderately wounded.
The hobgoblin closely misses you.
You shoot a sling bullet.
The sling bullet hits the hobgoblin but does no damage.
The hobgoblin is moderately wounded.
The hobgoblin hits you but does no damage. x2
You shoot a sling bullet. The sling bullet hits the hobgoblin!
You kill the hobgoblin!
Your Ranged Weapons skill increases to level 4!
You shoot a sling bullet. The sling bullet hits the iguana.
The iguana is moderately wounded.
The iguana bites you! The iguana bites you.
You shoot a sling bullet. The sling bullet hits the iguana.
The iguana is moderately wounded.
The iguana bites you.
You shoot a sling bullet.
The sling bullet barely misses the iguana.
The iguana bites you but does no damage.
You shoot a sling bullet.
The sling bullet barely misses the iguana.
The iguana misses you.
You shoot a sling bullet.
The sling bullet hits the iguana but does no damage.
The iguana is moderately wounded.
The iguana bites you. The iguana bites you!
You die...

#.. #.. #.. #.# #.. #.#
#.. #.# #.. . #.# #..
... #.# #..
.....########.########..
......l@................
.$...###################
#+# ...... ######


You could see an iguana.

Vanquished Creatures
  A gnoll (D:1)
  An adder (D:2)
  A worm (D:2)
  3 dart slugs
  5 endoplasms
  3 giant cockroaches
  6 goblins
  6 hobgoblins
  5 kobolds (D:1)
  2 quokkas (D:2)
  4 ball pythons
  4 bats
  5 frilled lizards
  2 rats (D:1)
48 creatures vanquished.

Notes
Turn   | Place    | Note
-------+----------+-------------------------------------------
     0 | D:1      | qw the Gargoyle Hexslinger began the quest for the Orb.
     0 | D:1      | Reached XP level 1. HP: 12/12 MP: 2/2
     0 | D:1      | 0 ||| qw: Version: 0.3-a-46-gb1f654a
     0 | D:1      | 0 ||| qw: Game counter: 2892
     0 | D:1      | 0 ||| qw: Melee chars always use a shield: true
     0 | D:1      | 0 ||| qw: God list: Okawaru
     0 | D:1      | 0 ||| qw: Allow faded altars: false
     0 | D:1      | 0 ||| qw: Do Orc after clearing Dungeon:15 true
     0 | D:1      | 0 ||| qw: Do second Lair branch before Depths: true
     0 | D:1      | 0 ||| qw: Lair rune preference: random
     0 | D:1      | 0 ||| qw: Goals: Normal
     0 | D:1      | 0 ||| PLANNING D:1-11
    34 | D:1      | Reached XP level 2. HP: 16/16 MP: 3/3
    46 | D:1      | Reached skill level 3 in Ranged Weapons
   250 | D:1      | Reached XP level 3. HP: 21/21 MP: 4/4
   523 | D:1      | 523 ||| UPGRADING to +0 leather armour.
   533 | D:1      | 533 ||| DROPPING +0 robe.
   534 | D:1      | 534 ||| UPGRADING to +1 helmet.
   539 | D:1      | 539 ||| UPGRADING to +0 ring mail.
   549 | D:1      | 549 ||| DROPPING +0 leather armour.
   550 | D:1      | 550 ||| READING scroll labelled PODWIKKIUNA.
   551 | D:1      | 551 ||| READING scroll labelled KEORUE FORRURU.
   552 | D:1      | 552 ||| READING scroll labelled CASOOCKYNG.
   553 | D:1      | 553 ||| DROPPING scroll of poison.
   614 | D:2      | Found Jorghed's Antique Armour Boutique.
   627 | D:2      | 627 ||| SHOPLISTING glowing ring mail (161 gold, have 22).
   627 | D:2      | 627 ||| SHOPLISTING pair of embroidered gloves (172 gold,
                  | have 22).
   627 | D:2      | 627 ||| SHOPLISTING pair of masterwork boots (218 gold,
                  | have 22).
   627 | D:2      | 627 ||| SHOPLISTING troll leather armour (345 gold, have
                  | 22).
   724 | D:2      | Reached skill level 1 in Armour
   795 | D:2      | Reached XP level 4. HP: 26/26 MP: 5/5
  1030 | D:2      | Reached skill level 4 in Ranged Weapons
  1034 | D:2      | HP: 5/26 [iguana (5)]
  1034 | D:2      | Slain by an iguana

Levels and vault maps discovered:
D:1:      tarquinn_simple_flora_water_d, layout_basic, minivault_14,
          amcnicky_mini_rare_corridor_liquid
D:2:      kennysheep_the_goblin_king, layout_basic, serial_shops,
          nicolae_shop_hallway_stairs

Skill      XL: |  1  2  3  4 |
---------------+-------------+-----
Ranged Weapons | 3 4 |  4.0
Fighting       | 2 |  2.0
Armour         | 1 |  1.0
Dodging        | |  1.5
Spellcasting   | |  1.0
Hexes          | |  2.6

Action                     |  1- 3 |  4- 6 || total
---------------------------+-------+-------++-------
   Fire: Sling             |   152 |    35 ||   187
    Use: Scroll            |     3 |       ||     3
 Armour: Robe              |    14 |       ||    14
         Ring mail         |    32 |    13 ||    45
  Dodge: Dodged            |    55 |     8 ||    63

Table legend:
 A = Non-vault XP
 B = Vault XP
 C = Vault XP percentage of total XP
 D = Non-vault monster count
 E = Vault monster count
 F = Vault count percentage of total count
                 A         B        C        D         E       F
            +---------+---------+-------+---------+---------+-------
      Total |     111 |       0 |   0.0 |      48 |       0 |   0.0
            +---------+---------+-------+---------+---------+-------
        D:1 |      53 |       0 |   0.0 |      27 |       0 |   0.0
        D:2 |      58 |       0 |   0.0 |      21 |       0 |   0.0
            +---------+---------+-------+---------+---------+-------
